[Event "Romanian Rapid Open 2022"]
[Site "Sebes"]
[Date "2022.12.02"]
[Round "3.23"]
[White "Tampea, Radu"]
[Black "Tariceanu, Victor"]
[Result "1/2-1/2"]
[ECO "D02"]
[WhiteElo "2110"]
[BlackElo "1720"]
[Annotator "TA"]
[PlyCount "188"]
[EventDate "2022.12.02"]
[EventType "rapid"]
[EventCountry "ROU"]
[SourceTitle "playchess.com"]
[Source "ChessBase"]
[SourceQuality "1"]
[TimeControl "600+5"]

1. d4 Nf6 2. Bf4 e6 3. e3 d5 4. Nf3 c5 5. c3 Nc6 6. Nbd2 Bd6 {[%emt 0:00:06] 6...cxd4 is the hot move.} 7. Bg3 Bxg3 {[%emt 0:00:22] D02: 1 d4 d5 2 Nf3 sidelines, including 2...Nf6 3 g3 and 2...Nf6 3 Bf4.} 8. hxg3 Qb6 9. Qc2 Bd7 {[%emt 0:00:11] [#]} 10. a3 $146 ({Predecessor:} 10. Ne5 Rc8 11. Qb3 Nxe5 12. dxe5 Ng4 13. Nf3 h5 14. Be2 g6 15. c4 dxc4 16. Bxc4 {0-1 (34) Silva,D (2246)-Mulenga,P (2279) Hammamet 2019}) 10... Rc8 11. Bd3 h6 12. O-O O-O 13. Rab1 a6 14. Qd1 c4 15. Bc2 Qc7 16. e4 dxe4 17. Nxe4 Nxe4 18. Bxe4 Qd6 19. Qe2 b5 20. Bc2 Ne7 21. Ne5 Be8 22. g4 ({White should try} 22. Qe4 $14 f5 23. Qe2) 22... f6 $11 23. Nf3 Bg6 24. Rfe1 Bxc2 25. Qxc2 Nd5 26. Qe4 Rce8 27. g3 a5 28. Rbc1 Qd7 29. Re2 Re7 30. Nh4 {[%emt 0:00:09] And now Ng6 would win.} Rc8 31. Ng6 (31. f4 $5 ) 31... Ree8 32. Nf4 Nxf4 33. Qxf4 (33. gxf4 $14 Kf7 34. f3) 33... Qd5 34. Rce1 Kf7 (34... b4 {simplifies} 35. axb4 axb4 36. Qe4 Kf7) 35. Re5 (35. Qe4 {simplifies} b4 36. axb4 Qxe4 37. Rxe4 axb4 38. f4) 35... Qb7 36. R5e4 (36. Qe4 {simplifies} Qxe4 37. R5xe4 Rb8 38. f4) 36... Qd5 37. R1e2 (37. R4e3 {simplifies} Re7 38. Qe4 Qxe4 39. Rxe4 Rc6 40. f4) 37... Re7 38. Re5 (38. Qe3 {simplifies} Rb8 39. f4 b4 40. axb4 axb4 41. f5) 38... Qb7 {[%emt 0:00:07] Threatens to win with ...g5.} 39. d5 Rce8 $1 40. dxe6+ Rxe6 41. Rxe6 Rxe6 42. Rxe6 Kxe6 {[%emt 0:00:02][%mdl 4096] Endgame KQ-KQ} 43. Qf5+ Kf7 44. Qc5 Qd7 {[%emt 0:00:03] Against a4} 45. Qb6 a4 46. Qc5 g6 47. Kg2 Ke6 48. Qe3+ Kf7 49. Qe4 f5 50. gxf5 gxf5 51. Qf4 Kg6 52. Qe5 Qc6+ 53. Kh2 Qf3 54. Qe8+ Kh7 55. Qf7+ Kh8 56. Kg1 {[%emt 0:00:08] aiming for Qe8+.} Qe4 {[%emt 0:00:19] Prevents Qe8+.} 57. Qf6+ Kh7 58. Qb6 Qd5 59. Qe3 Kg7 60. Kh2 Kg6 61. Qf4 Qc5 62. Kg2 Qc6+ 63. Qf3 Qc5 64. Qb7 Qe5 65. Qc6+ Kg7 66. Kf3 Kf7 67. Qb7+ Kf6 68. Qb6+ Kf7 69. Qe3 {[%emt 0:00:01] Prevents Qe4+.} Qd5+ 70. Kf4 Kf6 71. Qb6+ Kf7 72. Qc7+ Kf6 73. Qb6+ Kf7 74. Qe3 {[%emt 0:00:06] Against Qe4+. Active counter play!} Kf6 75. Qe8 Qd2+ 76. Qe3 Qd6+ 77. Kf3 Qd5+ 78. Ke2 Kg7 79. Qd4+ Qxd4 80. cxd4 {[%emt 0:00:01] KP-KP} b4 $2 {[%emt 0:00:21][%mdl 8192] [#]} (80... Kf7 $11) 81. axb4 c3 82. Kd3 (82. bxc3 $2 a3 83. d5 a2 $19) 82... cxb2 83. Kc2 a3 84. b5 Kf7 85. d5 $2 (85. b6 Ke6 86. b7 Kd5 87. b8=Q Kxd4 88. Qd6+ Ke4 89. Qxa3 Kd5 90. Qe3) 85... Ke7 86. b6 {[%emt 0:00:01] Strongly threatening b7. Chess con chili.} Kd7 87. Kb1 Kd6 88. Ka2 Kd7 89. f3 (89. Kxa3 b1=Q 90. f4 Qxb6 91. g4 Kd6 92. g5 Kxd5 93. Ka2 Kc4 94. Ka1 Kb3 95. gxh6 Qg1#) 89... h5 {[%emt 0:00:04][%cal Of5f4] ( -> ...f4!)} 90. Kb1 $2 {[%emt 0:00:03][%mdl 8192] [#] Against f4} (90. Kxa3 {gets mated.} b1=Q 91. g4 Kd6 92. b7 Kxd5 93. b8=Q Qxb8 94. gxf5 Kc4 95. Ka2 Kc3 96. f6 Qb2#) (90. f4 $11) 90... Kd6 $2 (90... f4 91. gxf4 h4 92. Kc2 h3 93. b7 Kc7 94. b8=R Kxb8 95. d6 h2 96. Kd2 b1=Q 97. d7 Kc7 98. Kc3 h1=Q 99. d8=B+ Kxd8 100. f5 Qxf3+ 101. Kd4 Qfe4+ 102. Kc5 Qbb4#) 91. Kc2 $2 (91. f4 $11) 91... Kd7 $2 (91... Kxd5 92. b7 Kd4 93. b8=Q $18 (93. b8=B Ke3 $11)) (91... f4 {mates} 92. gxf4 h4 93. b7 Kc7 94. f5 h3 95. f6 h2 96. b8=R Kxb8 97. f7 b1=Q+ 98. Kxb1 h1=Q+ 99. Ka2 Qxf3 100. d6 Kb7 101. f8=B Qxf8 102. Kxa3 Qxd6+ 103. Kb2 Qd2+ 104. Kb3 Kb6 105. Kc4 Kc6 106. Kb3 Kb5 107. Ka3 Kc4 108. Ka4 Qb4#) 92. f4 {[%emt 0:00:06] The position is equal.} (92. Kb1 f4 93. g4 hxg4 94. Kc2 gxf3 95. b7 Kc7 96. d6+ Kxb7 97. d7 Kc7 98. Kd3 b1=Q+ 99. Kc4 f2 100. Kd5 Kxd7 101. Ke5 f1=Q 102. Kf6 Qg2 103. Ke5 Qge4+ 104. Kf6 Qe7#) 92... Kd6 93. Kb1 $1 Kd7 $1 94. Ka2 (94. Kc2 $5) 94... Kd6 $1 {[%emt 0:00:01] Never resign too early!   Weighted Error Value: White=0.06 (flawless) /Black=0.05 (flawless)} 1/2-1/2

[Event "Romanian Rapid Open 2022"]
[Site "Sebes"]
[Date "2022.12.02"]
[Round "3.24"]
[White "Dima, Ioan-Radu"]
[Black "Cordea, David"]
[Result "0-1"]
[ECO "A44"]
[WhiteElo "1819"]
[BlackElo "2049"]
[Annotator "TA"]
[PlyCount "62"]
[EventDate "2022.12.02"]
[EventType "rapid"]
[EventCountry "ROU"]
[SourceTitle "playchess.com"]
[Source "ChessBase"]
[SourceQuality "1"]
[TimeControl "600+5"]

1. d4 c5 2. d5 e5 3. e4 d6 4. Nc3 g6 5. Nf3 Bg7 6. Bb5+ {[%emt 0:00:06] A44: Semi-Benoni.} Nd7 7. a4 Ne7 8. O-O {[%emt 0:00:04] White is better.} O-O 9. Nd2 f5 10. f3 {[%emt 0:00:02] [#]} Rf7 $146 ({Predecessor:} 10... Nf6 11. Be2 Bd7 12. Nc4 Nc8 13. exf5 gxf5 14. f4 e4 15. h3 Kh8 16. Qe1 Qe7 {1-0 (43) Polyakov,M (2281)-Kosikov,A (2156) Kharkov 2006}) 11. Re1 Bh6 12. Bf1 Nf6 13. b3 (13. Nc4 $5 Bxc1 14. Rxc1 $14 (14. Qxc1 fxe4 15. fxe4 a6 $14)) 13... Rg7 14. Ba3 ({White should play} 14. Kh1 $14) 14... Bxd2 (14... g5 $1 $15) 15. Qxd2 $11 f4 16. Nd1 (16. Kh1 $11) 16... g5 $17 17. b4 b6 18. bxc5 bxc5 19. Nb2 $2 (19. Bc1 $17 {was called for.}) 19... g4 $19 20. fxg4 Nxg4 {[%emt 0:00:02] And now ...Ng6 would win.} 21. Nc4 Ba6 22. h3 ({Don't blunder} 22. Nxe5 $2 Nxe5 23. Qxf4 Qa5 $19) 22... Bxc4 23. Bxc4 Ne3 24. Bf1 (24. Rxe3 $17 {only move.} fxe3 25. Qxe3) 24... Ng6 25. Rab1 (25. Rxe3 $142 fxe3 26. Qxe3) 25... Nh4 {[%emt 0:00:14] [#] Strongly threatening ...Nf3+.} 26. Rxe3 fxe3 27. Qxe3 Ng6 $2 (27... Qf6 $19 {White must now prevent ...Rf8.} 28. Kh1 Rf8) 28. Kh2 {[%emt 0:00:08] [#]} (28. Qe1 $17) 28... Rb8 ({Black should try} 28... Qf6 $1 $19 {aiming for ...Nh4.} 29. g3 Rf8) 29. Rxb8 $17 Qxb8 30. Qg5 $2 (30. Bc1 $17 {was worth a try.}) 30... Qf8 $19 ({Worse is} 30... Nf4 31. Qf6 $19) 31. Bc4 (31. Kg1 Rb7 32. Bc1) 31... Nf4 {[%emt 0:00:03] Weighted Error Value: White=0.82/Black=0.30} 0-1

[Event "Romanian Rapid Open 2022"]
[Site "Sebes"]
[Date "2022.12.02"]
[Round "3.25"]
[White "Oltean, Cristian-Daniel"]
[Black "Pop, Ioan I."]
[Result "1-0"]
[ECO "C00"]
[WhiteElo "1896"]
[BlackElo "1540"]
[Annotator "NA RC COMBH"]
[PlyCount "85"]
[EventDate "2022.12.02"]
[EventType "rapid"]
[EventCountry "ROU"]
[SourceTitle "playchess.com"]
[Source "ChessBase"]
[SourceQuality "1"]
[TimeControl "600+5"]

1. e4 e6 2. d3 d5 3. Nd2 dxe4 4. dxe4 Bb4 5. c3 Be7 6. Ngf3 Nc6 7. Bb5 Bd7 8. O-O Na5 9. Bd3 c5 10. e5 Qc7 11. Ne4 O-O-O 12. Qe2 c4 13. Bc2 h6 14. b4 Nc6 15. Qxc4 f5 16. Nc5 Nb8 17. Bb3 Bxc5 18. bxc5 Ne7 19. Nd4 Qxe5 20. Nxe6 Bxe6 21. Qxe6+ Qxe6 22. Bxe6+ Kc7 23. Bf4+ Kc6 24. Bd6 Nd5 25. c4 Nc3 26. Bxf5 Na6 27. Rfe1 Nxc5 28. Be5 N3a4 29. Bxg7 Rhg8 30. Bxh6 Nb2 31. Be3 Rgf8 32. Bg4 Ncd3 33. Re2 Nxc4 34. Rc2 b5 35. Bf3+ Kc7 36. a4 Nb4 37. Rc3 a6 38. axb5 axb5 39. Rb3 Nc2 40. Ra7+ Kc8 41. Rxb5 N2xe3 42. Rc5+ Kb8 43. Ra8# 1-0

[Event "Romanian Rapid Open 2022"]
[Site "Sebes"]
[Date "2022.12.02"]
[Round "3.26"]
[White "Sulita, Vlad-Petre"]
[Black "Dan, Cantemir-Dorian"]
[Result "0-1"]
[ECO "B03"]
[WhiteElo "1632"]
[BlackElo "2036"]
[Annotator "TA"]
[PlyCount "66"]
[EventDate "2022.12.02"]
[EventType "rapid"]
[EventCountry "ROU"]
[SourceTitle "playchess.com"]
[Source "ChessBase"]
[SourceQuality "1"]
[TimeControl "600+5"]

1. e4 Nf6 2. e5 Nd5 3. d4 d6 4. exd6 cxd6 5. c4 Nc7 (5... Qa5+ $2 6. Bd2 Nb4 7. d5 $18) 6. Nf3 {[%emt 0:00:04] B03: Alekhine's Defence: Four Pawns Attack.} g6 7. Nc3 Bg7 {[%emt 0:00:02] [#]} 8. Bd3 $146 {[%emt 0:00:09] White is slightly better.} ({Predecessor:} 8. Be2 O-O 9. O-O d5 10. Bf4 dxc4 11. Bxc4 Ne6 12. Be3 Nc6 13. d5 Na5 14. Be2 {1-0 (46) Cedriano,F (2006)-Buchicchio,G (2095) Venice 2010}) 8... O-O 9. O-O Nc6 10. Be3 (10. d5 $1 $14 Ne5 11. Nxe5 dxe5 12. Bg5) 10... e5 11. d5 Ne7 12. Bg5 f6 13. Bh4 ({White should play} 13. Bc1 $11) 13... Bf5 14. Qc2 Bxd3 15. Qxd3 Nf5 16. Rfe1 {[%emt 0:00:09] White is on the road to losing.} ({Better is} 16. Rab1 $15) 16... Nxh4 $17 17. Nxh4 f5 18. g3 Na6 19. a3 (19. Ng2 $17) 19... Nc5 20. Qc2 Rc8 21. Rac1 (21. Ng2 $17) 21... e4 $19 {[%emt 0:00:24] Hoping for ...Nd3.} 22. Nd1 $2 {[%emt 0:00:55] [#]} (22. Red1) 22... Nd3 23. Ne3 $2 (23. Ng2) 23... Bxb2 24. Rb1 Bf6 (24... Bxa3 $2 {loses.} 25. Re2 $19) 25. Nhg2 Nxe1 26. Nxe1 Qc7 27. N1g2 Be5 28. Qb3 b6 29. a4 Qc5 {[%emt 0:00:16] And now ...g5 would win.} 30. Re1 (30. Nf4 $142 Bxf4 31. gxf4) 30... g5 {[%emt 0:00:26] Black is clearly winning.} 31. Qc2 f4 32. Ng4 Qxc4 33. Qxe4 Qxe4 {[%emt 0:00:17] Weighted Error Value: White=0.63/Black=0.28 (precise)} 0-1

[Event "Romanian Rapid Open 2022"]
[Site "Sebes"]
[Date "2022.12.02"]
[Round "3.27"]
[White "Lupulescu, Adrian-Calin"]
[Black "Stan, Ion-Gabriel"]
[Result "1-0"]
[ECO "D02"]
[WhiteElo "1930"]
[BlackElo "1562"]
[Annotator "TA"]
[PlyCount "87"]
[EventDate "2022.12.02"]
[EventType "rapid"]
[EventCountry "ROU"]
[SourceTitle "playchess.com"]
[Source "ChessBase"]
[SourceQuality "1"]
[TimeControl "600+5"]

1. d4 c6 2. Nf3 d5 3. g3 Nf6 4. Bg2 g6 5. O-O Bg7 6. Nbd2 O-O 7. b3 Re8 {[%emt 0:00:10] D02: 1 d4 d5 2 Nf3 sidelines, including 2...Nf6 3 g3 and 2...Nf6 3 Bf4.} 8. Bb2 Bg4 {[%emt 0:00:09] [#]} 9. h3 $146 ({Predecessor:} 9. Ne5 Bc8 10. c4 Be6 11. e4 dxe4 12. Nxe4 Nxe4 13. Bxe4 Nd7 14. f4 Nf6 15. Bf3 {0-1 (25) Evtyugin,Y (1022)-Vontina,M (810) LSS email 2019}) 9... Bd7 {[%emt 0:00:01] White has an edge.} 10. Ne5 Be6 11. c4 Nbd7 12. Nef3 Rc8 13. Ng5 Nf8 $1 14. Nxe6 Nxe6 15. e3 Qd7 16. Kh2 Ng5 17. f4 (17. f3 {simplifies} Red8 18. Qe2 Ne6 19. f4) 17... Nge4 18. Nxe4 (18. Rc1 {feels hotter.} Nxd2 19. Qxd2 Ne4 20. Qe2) 18... Nxe4 19. Bxe4 dxe4 20. Qc2 f5 21. Rad1 e6 22. Rd2 Red8 23. g4 Qf7 24. g5 Qc7 25. h4 Rd7 26. Rfd1 Kf7 27. d5 (27. h5 $14) 27... cxd5 $11 28. Bxg7 Kxg7 29. Qb2+ Kf7 $2 {[%emt 0:00:01][%mdl 8192] White now steadily converts the win.} (29... Kg8 $11 {and Black stays safe.}) 30. Qf6+ $18 {[%emt 0:00:03][%mdl 64] [#] Deflection} ({Stronger than} 30. cxd5 exd5 31. Qf6+ (31. Rxd5 Qc2+ 32. R1d2 Qxb2 $15) 31... Kg8 $11) 30... Kg8 31. Qxe6+ (31. cxd5 exd5 32. Qe6+ Kf8 $11) 31... Rf7 (31... Kf8 {was worth a try.} 32. Rxd5 (32. cxd5 Re8 $16) 32... Rxd5 33. Rxd5 Re8 34. Qf6+ Kg8) 32. Rxd5 {[%emt 0:00:06] White wants to mate with Rd7.} (32. cxd5 Qd7 $16) ({Not} 32. Qxd5 Qe7 33. Qb5 a6 $18) 32... Rcf8 33. Rd7 {[%emt 0:00:19] Inhibits Qe7.} Qc5 34. Rxf7 {[%emt 0:00:09] White mates.} ({Weaker is} 34. Rxb7 Qxe3 $11) 34... Rxf7 {[%emt 0:00:02] KQR-KQR} 35. Rd7 Qf8 36. Rxb7 Kg7 37. Qxf7+ Qxf7 38. Rxf7+ Kxf7 {[%emt 0:00:01] KP-KP} 39. b4 Ke6 40. Kg2 Kd6 41. Kf2 Ke6 42. Ke2 Kf7 43. Kd2 Ke6 44. Kc3 {[%emt 0:00:01] Weighted Error Value: White=0.06 (flawless) /Black=0.46} 1-0

[Event "Romanian Rapid Open 2022"]
[Site "Sebes"]
[Date "2022.12.02"]
[Round "3.28"]
[White "Kedves, Lorand"]
[Black "Anghel, Iulian-Mihai"]
[Result "0-1"]
[ECO "D02"]
[WhiteElo "1641"]
[BlackElo "2061"]
[Annotator "TA"]
[PlyCount "86"]
[EventDate "2022.12.02"]
[EventType "rapid"]
[EventCountry "ROU"]
[SourceTitle "playchess.com"]
[Source "ChessBase"]
[SourceQuality "1"]
[TimeControl "600+5"]

1. d4 Nf6 2. Bf4 e6 3. e3 d5 4. Nf3 Bd6 5. Bxd6 Qxd6 6. c3 O-O {[%emt 0:00:08] D02: 1 d4 d5 2 Nf3 sidelines, including 2...Nf6 3 g3 and 2...Nf6 3 Bf4.} 7. Nbd2 c5 8. dxc5 Qxc5 {[%emt 0:00:02] The position is equal.} 9. Be2 Nc6 10. O-O a5 (10... e5 $142) 11. Nb3 Qb6 {[%emt 0:00:17] [#]} 12. Rb1 $146 ({Predecessor:} 12. a4 e5 13. Qc2 Be6 14. Nfd2 Rac8 15. Bb5 Rfd8 16. Rac1 h6 17. h3 Ne8 18. Nf3 {½-½ (73) Bosbach,J-Balduan,M (2351) Leverkusen 2000}) 12... e5 13. Qc2 {[%emt 0:01:40] Prevents Bf5.} a4 14. Nbd2 g6 15. Rbd1 Bf5 16. Qc1 Rac8 17. Nh4 Be6 18. Qb1 (18. Nhf3 $1 $15) 18... Rfd8 (18... e4 $142 {Hoping for ...g5.} 19. c4 dxc4 20. Bxc4 Bg4) 19. Nhf3 $17 {[%emt 0:00:51] Prevents g5.} Bf5 $36 {[%emt 0:01:10][%mdl 2048] Inhibits b3. Black is pushing.} 20. Qa1 Qa5 21. Nh4 Be6 22. Nhf3 b5 23. Ng5 Bf5 24. Ngf3 b4 25. c4 (25. cxb4 $142 Qxb4 26. h3) 25... d4 26. exd4 exd4 {[%emt 0:00:04] Black is much more active.} ({Black should try} 26... e4 27. d5 exf3 28. Nxf3 Ne7) 27. Nh4 $2 {[%emt 0:00:22] [#] This move loses the game for White.} (27. Rfe1 $17) 27... Bc2 $19 28. Rde1 (28. Rc1 $142 d3 29. Bd1) 28... b3 29. Nhf3 d3 30. Bd1 Qb6 31. axb3 axb3 32. Ne5 (32. Qc1 $142) 32... Ra8 33. Qc1 Nd4 34. Ndf3 (34. Kh1 $17 {was worth a try.}) 34... Ra2 35. Nxd4 (35. h4 $142) 35... Qxd4 (35... Rxd4 $2 {too greedy.} 36. Qe3 Qd6 37. c5 Qxc5 38. Bxc2 bxc2 39. Nxd3 $19) 36. Nc6 (36. Qg5 $142 Ra6 37. Nf3 Qxb2 38. Qd2) 36... d2 ({Weaker is} 36... Qxc4 37. Nxd8 Qd4 38. Qd2 (38. Nc6 $2 d2 $19) 38... Qxd8 39. Bxc2 bxc2 40. Re3 $16) 37. Nxd4 dxc1=Q 38. Bxc2 Qxb2 39. Rb1 Qxd4 {[%emt 0:00:05] Black mates.} 40. Bxb3 Rb2 41. Rbd1 Qb6 42. c5 Rxd1 43. Rxd1 Qxb3 {[%emt 0:00:03] Weighted Error Value: White=0.89/Black=0.20 (precise)} 0-1

[Event "Romanian Rapid Open 2022"]
[Site "Sebes"]
[Date "2022.12.02"]
[Round "3.29"]
[White "Popescu, Alexandru-Mihai"]
[Black "Balaban-Voia, Alexandru"]
[Result "0-1"]
[ECO "B06"]
[WhiteElo "1634"]
[BlackElo "1994"]
[Annotator "TA"]
[PlyCount "56"]
[EventDate "2022.12.02"]
[EventType "rapid"]
[EventCountry "ROU"]
[SourceTitle "playchess.com"]
[Source "ChessBase"]
[SourceQuality "1"]
[TimeControl "600+5"]

1. e4 g6 2. d4 Bg7 3. Be3 d6 4. f4 Nf6 5. Qd3 {[%emt 0:01:38] [#]} O-O $146 ({Predecessor:} 5... Nc6 6. Nf3 O-O 7. Nc3 Ng4 8. Bg1 a6 9. h3 Nf6 10. g4 b5 11. g5 Nh5 {½-½ (45) Hou,M (1601)-Jorgensen,R Valby 2007}) 6. Be2 {[%emt 0:00:44] Inhibits c5. B06: Modern Defence.} d5 ({Black should try} 6... e5 $15) 7. Nc3 (7. e5 $1 $14 {was forced to keep a grip.}) 7... dxe4 $17 8. Nxe4 {[%emt 0:00:05] Black is better.} Nxe4 9. Qxe4 c5 10. O-O-O {[%emt 0:00:54] [#]} (10. dxc5 $17 {is a better defense.} Bxb2 11. Rb1 (11. Rd1 Qa5+ 12. Kf2 Nc6 $17) 11... Qa5+ 12. Kf2 Qxa2 13. Nf3) 10... Qb6 (10... Bf5 $1 $19 11. Qxb7 Nd7) 11. c3 (11. Qd5 $1 $15) 11... Bf5 $36 {[%emt 0:00:48][%mdl 2048] Black is on the roll.} 12. Qxe7 (12. Qd5 $17) 12... cxd4 $19 13. Bxd4 (13. Rxd4 Nc6 14. Rd2 Nxe7 15. Bxb6 axb6 16. a3) 13... Bxd4 14. cxd4 Rc8+ 15. Kd2 Qxb2+ 16. Ke1 Nc6 17. Qf6 (17. Qe3 Bc2 18. Qd2) 17... Re8 {[%emt 0:00:06] Black is clearly winning.} 18. Rd2 Qc1+ 19. Rd1 Qxf4 {[%emt 0:00:10] aiming for ...Nb4.} 20. Nf3 Re6 21. Qh4 Qxh4+ 22. Nxh4 Bg4 23. Nf3 Rae8 24. Rd2 Bxf3 25. gxf3 {[%emt 0:00:02] [#]} Nxd4 $1 26. Rxd4 (26. Rf1 Rxe2+) 26... Rxe2+ 27. Kd1 Rxa2 28. Rc4 Rd8+ {[%emt 0:00:02] Weighted Error Value: White=1.44/Black=0.97} 0-1

[Event "Romanian Rapid Open 2022"]
[Site "Sebes"]
[Date "2022.12.02"]
[Round "3.30"]
[White "Ambru, Dan-Calin"]
[Black "Hoanca, Alexia-Ioana"]
[Result "0-1"]
[ECO "A67"]
[WhiteElo "1957"]
[BlackElo "1644"]
[Annotator "TA"]
[PlyCount "132"]
[EventDate "2022.12.02"]
[EventType "rapid"]
[EventCountry "ROU"]
[SourceTitle "playchess.com"]
[Source "ChessBase"]
[SourceQuality "1"]
[TimeControl "600+5"]

1. d4 Nf6 2. c4 c5 3. d5 e6 4. Nc3 exd5 5. cxd5 d6 6. e4 g6 7. f4 Bg7 8. Bb5+ Nfd7 9. Be2 O-O 10. Nf3 a6 11. a4 Re8 12. O-O $1 Qc7 {[%emt 0:00:05] [#] A67: Modern Benoni: Taimanov Variation.} 13. f5 $146 ({Better is} 13. h3 $16) ({Predecessor:} 13. Kh1 Bxc3 14. bxc3 Rxe4 15. Bd3 Nf6 16. Bxe4 Nxe4 17. Ng5 Bf5 18. g4 Nxg5 19. gxf5 {1-0 (42) Yang,K (2481)-Babazada,K (2431) Chess.com INT 2022}) 13... Ne5 $14 14. Nxe5 Rxe5 (14... Bxe5 $11 15. Qe1 Qd8) 15. Bf4 ({White should play} 15. Qe1 $16) 15... Re8 16. Qd2 Nd7 17. Rac1 Rb8 18. b4 (18. Bg5 $14) 18... b6 (18... cxb4 $17 19. Nb1 Qb6+ 20. Be3 Qa5) 19. Kh1 Ne5 20. a5 (20. Bg5 {simplifies} f6 21. Bh4 Qd8 22. Rb1) 20... bxa5 (20... cxb4 21. Na4 Qe7 22. Nxb6 $16) 21. bxc5 Qxc5 {[%emt 0:00:01] [#]} 22. Nb5 $1 Qb6 23. Be3 Qd8 24. Nc7 (24. Na7 {simplifies} gxf5 25. exf5 Qe7 26. Nxc8 Rexc8 27. Rxc8+ Rxc8 28. Qxa5 Ra8 29. Bf2) 24... Rf8 (24... Re7 $1 $11 25. Nxa6 Bxa6 26. Bxa6 Re8) 25. Qxa5 (25. Bg5 $1 $16 f6 26. Be3) 25... Qh4 (25... Rb2 $1 $15 26. Qe1 Ra2) 26. Rf4 (26. Bxa6 $2 Rb2 27. Qa3 (27. Bxc8 $2 Ng4 $19) 27... Ng4 $19) (26. Qd2 $11) 26... Qd8 27. Rff1 $1 (27. Bxa6 $2 Bxa6 28. Qxa6 Rb3 29. fxg6 hxg6 $19) 27... Qh4 (27... Rb2 $15 28. Qe1 a5) 28. Qa4 (28. Bxa6 $2 Rb2 29. Qa3 (29. Bxc8 $2 Ng4 $19) 29... Ng4 $19) (28. Nxa6 $2 Rb2 29. Rf4 Qg5 $19) (28. Qd2 $11) 28... Bd7 $2 (28... gxf5 $17 {Strongly threatening ...Rb2.} 29. Qa3 (29. Bxa6 $2 fxe4 30. Bxc8 Rfxc8 $19) (29. Rf4 Ng4 $17) 29... Ng6 30. exf5 Bb2) 29. Qc2 {[%emt 0:00:25] Inhibits Rb2.} (29. Qa3 $1 $14 {is the one way to stay ahead.}) 29... Rb2 30. Qxb2 $11 Ng4 $40 {[%emt 0:00:00][%csl Gg4][%cal Rh4h2][%mdl 192] Discovered Attack, Double Attack. Black mounts an attack.} (30... Qxe4 $2 31. Qa3 g5 32. Bxa6 Bxf5 33. Bxg5 $18) 31. Qxg7+ $1 Kxg7 {[%emt 0:00:01][%csl Gg4][%cal Rh4h2] The board is on fire.} 32. Bd4+ {[%emt 0:00:13] A strong pair of Bishops.} (32. Bxg4 $1 $11 {and White stays safe.} Qxg4 33. Bf4) 32... Kg8 $19 33. h3 {[%emt 0:00:01] [#]} Ne5 (33... Nf6 $1 $19 34. Bxf6 (34. Nxa6 $2 {loses.} Nxe4 35. Kh2 Nd2 $19) 34... Qxf6) 34. Bxa6 $2 (34. Bxe5 $17 dxe5 35. Nxa6) 34... Qxe4 35. Bxe5 Qxe5 36. Rce1 $2 (36. fxg6 hxg6 37. Rb1) 36... Qc3 37. Rc1 Qa5 38. Bd3 (38. f6) 38... Bxf5 39. Bxf5 gxf5 40. Rc6 Kh8 41. Rxf5 Qe1+ 42. Kh2 Rg8 {[%emt 0:00:04] ( -> ...Qg3+)} 43. Rc2 Qe4 44. Rcf2 {[%emt 0:00:04] [#]} (44. Rff2) 44... Qe7 $2 (44... Rxg2+ $1 $19 45. Rxg2 Qxf5) 45. Rxf7 $11 Qe5+ 46. Kh1 Qe1+ 47. Rf1 Qe4 48. R1f2 Qe1+ 49. Kh2 Qe5+ 50. R7f4 Qe3 51. Ne6 Qg3+ 52. Kh1 Qb3 53. Rf8 {[%emt 0:00:11] Rxg8+ would kill now.} h6 $1 (53... Qxd5 $2 {is a self mate.} 54. Rxg8+ Kxg8 55. Rf8#) 54. R8f5 Qd1+ 55. Kh2 {[%emt 0:00:05] Hoping for Rf6.} Qd3 56. Rf6 Qg3+ (56... Qxd5 $2 57. Rxh6#) ({Don't play} 56... Qe3 57. R2f3 Qd2 58. Nf4 $16) 57. Kh1 Rg6 58. Rf8+ (58. Rf7 {keeps more tension.} Qe3 59. Rf8+ Rg8 60. R8f6) 58... Rg8 59. R8f6 (59. R8f3 $5 Qe5 60. Rf6 $14) 59... Rg6 60. R6f3 (60. Rf7 {looks sharper.} Qe3 61. Rf8+ Rg8 62. R8f6) 60... Qe5 61. Nf4 Rg8 (61... Rg3 $11) 62. h4 ({White should try} 62. Re2 $1 $14 Qg5 63. Re6) 62... Rg4 63. h5 Rh4+ 64. Kg1 $1 {[%emt 0:00:01] White threatens Ng6+ and mate.} Qa1+ 65. Rf1 Qa7+ 66. R3f2 $2 (66. R1f2 $11 Qa1+ 67. Rf1 Qa7+ 68. R1f2) 66... Rxf4 {[%emt 0:00:03] Weighted Error Value: White=0.51/Black=0.37} 0-1

[Event "Romanian Rapid Open 2022"]
[Site "Sebes"]
[Date "2022.12.02"]
[Round "3.31"]
[White "Tarciuc, Ianis-Mihai"]
[Black "Craciun, Sasha-Matei"]
[Result "0-1"]
[ECO "E11"]
[WhiteElo "1642"]
[BlackElo "2001"]
[Annotator "TA"]
[PlyCount "84"]
[EventDate "2022.12.02"]
[EventType "rapid"]
[EventCountry "ROU"]
[SourceTitle "playchess.com"]
[Source "ChessBase"]
[SourceQuality "1"]
[TimeControl "600+5"]

1. c4 e6 2. g3 d5 3. Bg2 Nf6 4. d4 Bb4+ 5. Bd2 Be7 6. Nf3 O-O 7. cxd5 {[%emt 0:00:13] E11: Bogo-Indian.} exd5 8. O-O c6 9. Nc3 {[%emt 0:00:17][%cal Bb1c3,Bc3a4,Ba4c5][%mdl 32] The position is equal.} Bf5 10. a3 Nbd7 {[%emt 0:00:16] [#]} 11. Rc1 $146 ({Predecessor:} 11. Re1 h6 12. Bf4 Re8 13. Qd2 Bf8 14. Nh4 Bh7 15. Nf3 a5 16. Na4 Ne4 17. Qc1 {0-1 (49) Hayashi,K (1219)-Maraz,R (1618) Sao Paulo 2017}) 11... Bd6 12. Na4 h6 13. e3 Ne4 (13... Bc7 {simplifies} 14. Nc5 Nxc5 15. dxc5 Re8) 14. b4 (14. Bb4 {simplifies} Bxb4 15. axb4 Nd6 16. Nc5) 14... a5 15. Nc5 Ra7 16. Ne1 (16. Nh4 $11 {keeps the balance.} Bh7 17. Nxe4 dxe4 18. Bh3) 16... Nxd2 17. Qxd2 Nb6 {[%emt 0:00:00] Prevents b5.} 18. Ned3 (18. Qc3 $15) 18... Nc4 $17 19. Qc3 axb4 20. axb4 Ra3 {[%emt 0:00:00] Against Ra1} 21. Nb3 Bxd3 {[%emt 0:00:00] Black is much more active.} (21... Qg5 {seems wilder.} 22. Ndc5 b6 23. Ne4 Bxe4 24. Bxe4 Qe7) 22. Qxd3 Bxb4 {[%emt 0:00:00][%cal Oc4d2] [#] ...Nd2! is the strong threat.} 23. Ra1 b5 24. Rxa3 Bxa3 25. Ra1 Qb6 26. Nd2 {[%emt 0:00:23] [#] Strongly threatening Nxc4.} Nxd2 27. Qxd2 Bd6 28. Rc1 b4 29. Bh3 b3 30. Rb1 {[%emt 0:00:07] Prevents b2.} Rb8 31. Qc3 (31. Qb2 $17) 31... Qb7 32. Bf5 b2 33. Bd3 Qb3 34. Qc2 Qa3 35. Kf1 Rb3 36. Ke2 (36. Be2 $17) 36... Rc3 37. Qxb2 (37. Qd2) 37... Rxd3 $19 38. Qb6 Rc3 39. Qd8+ (39. Kf1 $142) 39... Kh7 {[%emt 0:00:00] ( -> ...Qa2+)} 40. Rd1 Rc2+ 41. Rd2 Qa6+ 42. Ke1 Bb4 {[%emt 0:00:00] Weighted Error Value: White=0.61/Black=0.18 (very precise)} 0-1